 Dungeon Crawl Stone Soup version 0.29-a0-330-g52719c12eb (webtiles) character file.

Game seed: 10694426228424632596

81 Klosterheim the Digger (level 4, -8/30 HPs)
             Began as a Formicid Earth Elementalist on May 3, 2022.
             Killed from afar by a hobgoblin (30 damage)
             ... with a bolt of acid
             ... on level 3 of the Dungeon.
             The game lasted 00:05:15 (3065 turns).

Klosterheim the Digger (FoEE)                       Turns: 3065, Time: 00:05:15

Health: -8/30      AC:  2    Str: 13    XL:     4   Next: 67%
Magic:  8/8        EV: 12    Int: 16    God:
Gold:   106        SH:  0    Dex: 11    Spells: 5/9 levels left

rFire   . . .      SeeInvis +   m - +0 great mace
rCold   . . .      Faith    .   (no shield)
rNeg    + . .      Spirit   .   b - +0 robe
rPois   .          Reflect  .   (helmet unavailable)
rElec   .          Harm     .   (no cloak)
rCorr   .          Rampage  .   (no gloves)
Will    .....                   (no boots)
Stlth   ++........              (no amulet)
HPRegen 0.10/turn               f - ring of positive energy
MPRegen 0.11/turn               (no ring)

@: no status effects
A: permanent stasis, dig shafts and tunnels, antennae 3, four strong arms
a: Dig, Shaft Self


You were on level 3 of the Dungeon.
You visited 1 branch of the dungeon, and saw 3 of its levels.

You collected 106 gold pieces.

Inventory:

Hand Weapons
 m - a +0 great mace (weapon)
Missiles
 a - 32 stones
Armour
 b - a +0 robe (worn)
Jewellery
 f - a ring of positive energy (left hand)
Potions
 c - a potion of magic
 d - a potion of curing {unknown}
 k - a potion of ambrosia {unknown}
 l - a potion of heal wounds


   Skills:
 - Level 2.0 Dodging
 - Level 3.0 Stealth
 - Level 3.0 Spellcasting
 + Level 1.8 Conjurations
 - Level 2.0 Transmutations
 - Level 4.0 Earth Magic


You had 5 spell levels left.
You knew the following spells:

 Your Spells              Type           Power      Damage    Failure   Level
a - Sandblast             Erth           30%        2d9       3%          1
b - Stone Arrow           Conj/Erth      22%        3d8       17%         3

Your spell library contained the following spells:

 Spells                   Type           Power      Damage    Failure   Level
 Passwall                 Tmut/Erth      10%        N/A       9%          2
 Petrify                  Tmut/Erth      12%        N/A       47%         4


Dungeon Overview and Level Annotations

Branches:
Dungeon (3/15)

Altars:


Innate Abilities, Weirdness & Mutations

You cannot be hasted, slowed, berserked, paralysed or teleported.
You can dig through walls and to a lower floor.
You have a pair of large antennae on your head. (SInv)
Your four strong arms can wield two-handed weapons with a shield.


Message History

Magic restored.
You start resting.
HP restored.
Casting: Sandblast (safe; 3% risk of failure)
Confirm with . or Enter, or press ? or * to list all spells.
Okay, then.
There is an open door here.
The kobold shouts!
You hear a shout!
A kobold is nearby!
A kobold is nearby!
A kobold is nearby!
There is an open door here.
A frilled lizard, a giant cockroach and a hobgoblin come into view.
Found a ring mail.
The hobgoblin shouts!
You hear a shout!
A hobgoblin comes into view.
It is wearing a +2 chain mail of willpower and carrying a wand of acid (10).
The giant cockroach moves out of view.
The kobold hits you with a +0 dagger.
There is an open door here.
You sock the kobold!
You kill the kobold!
You barely miss the hobgoblin. The hobgoblin barely misses you.
The hobgoblin hits you.
You completely miss the hobgoblin. The hobgoblin barely misses you.
You barely miss the hobgoblin. The hobgoblin closely misses you.
The hobgoblin hits you.
You barely miss the hobgoblin. The hobgoblin closely misses you.
The hobgoblin hits you.
You hit the hobgoblin but do no damage. The hobgoblin hits you.
You sock the hobgoblin!
You kill the hobgoblin!
The giant cockroach bites you but does no damage.
You barely miss the giant cockroach. The giant cockroach closely misses you.
The hobgoblin zaps a wand.
The bolt of acid hits the giant cockroach!!
The acid corrodes the giant cockroach!
The giant cockroach dies!
The bolt of acid hits you!!
Ouch! That really hurt!
You die...

.#.# #.#...{
#..## .#.#
#####.#...{{
###..# .#.#
#.....#...{
o..#..# .#.#
#.#####..[
...#.## ...#
#.# ..###...#.#
.### #.#
#......#.# ..#
#.# #......#.#
#.## ###.##
##)g....#.#
#..###....#
##@##'##'#.#
##.#......#
##.#..##..#.#
#...#....#
#..#.##...#.###
##..#....#
###.##...##...#
#..#....#
##).#..###.###
##.#....#
##'##'##+##.#
#.######
#.........#.#
#..
#.8..8..8.#.#
##.#
#.........#.#


You could see a hobgoblin.

Vanquished Creatures
  3 adders
  A worm (D:3)
  A dart slug (D:2)
  An orc (D:3)
  2 ball pythons
  5 giant cockroaches
  5 goblins
  6 hobgoblins
  3 quokkas
  8 bats
  2 frilled lizards
  4 kobolds
  4 rats
45 creatures vanquished.

Vanquished Creatures (others)
  A giant cockroach (D:3)
1 creature vanquished.

Grand Total: 46 creatures vanquished

Notes
Turn   | Place    | Note
-------+----------+-------------------------------------------
     0 | D:1      | Klosterheim the Formicid Earth Elementalist began the quest
                  | for the Orb.
     0 | D:1      | Reached XP level 1. HP: 13/13 MP: 3/3
   408 | D:1      | Reached XP level 2. HP: 19/19 MP: 3/5
   911 | D:2      | Reached XP level 3. HP: 24/24 MP: 4/6
   934 | D:2      | Learned a level 3 spell: Stone Arrow
  1001 | D:2      | Found a faded altar of an unknown god.
  1234 | D:2      | Reached skill level 4 in Earth Magic
  2132 | D:2      | Reached XP level 4. HP: 30/30 MP: 8/8
  2164 | D:2      | Reached skill level 1 in Conjurations
  3065 | D:3      | Killed from afar by a hobgoblin

Illustrated notes

Levels and vault maps discovered:
D:1:      wander_arrival_lonely_grave, layout_rooms
D:2:      layout_basic, basic_ecumenical_altar
D:3:      minmay_chambers_of_threes, layout_basic,
          nicolae_overflow_hidden_temple, grunt_gozag_statues

Skill      XL: |  1  2  3  4 |
---------------+-------------+-----
Dodging        | 2 |  2.0
Earth Magic    | 4 |  4.0
Stealth        | 3 |  3.0
Transmutations | 2 |  2.0
Conjurations   | 1 |  1.8
Spellcasting   | 3 |  3.0

Action                   |  1- 3 |  4- 6 || total
-------------------------+-------+-------++-------
Melee: Unarmed           |    17 |       ||    17
       Club              |    19 |       ||    19
       Great mace        |    24 |    45 ||    69
 Cast: Sandblast         |    23 |    11 ||    34
  Use: Scroll            |     4 |       ||     4
       Potion            |       |     1 ||     1
 Stab: Sleeping          |     1 |     2 ||     3
Armor: Robe              |    30 |    19 ||    49
Dodge: Dodged            |    98 |    59 ||   157

Table legend: (Time is in decaauts)
 A = Elapsed time spent in this place.
 B = Non-inter-level travel time spent in this place.
 C = Inter-level travel time spent in this place.
 D = Time resting spent in this place.
 E = Time spent auto-exploring this place.
 F = Levels seen in this place.
 G = Mean time per level.
                   A        B        C        D        E       F      G
               +--------+--------+--------+--------+--------+-----+--------+
         Total |   3116 |   2988 |    128 |   1474 |   1114 |   3 | 1038.7 |
       Dungeon |   3116 |   2988 |    128 |   1474 |   1114 |   3 | 1038.7 |
               +--------+--------+--------+--------+--------+-----+--------+

Top non-repeatable levels by time:
     D:2: 1515 daAuts
     D:1: 857 daAuts
     D:3: 743 daAuts
